 Dungeon Crawl Stone Soup version 0.21.1-1-g345015f (webtiles) character file.

9 Monsterracer the Vexing (level 2, -1/19 HPs)
             Began as a Human Enchanter on Feb 13, 2018.
             Slain by a goblin
             ... wielding a +0 dagger of flaming
              (3 damage)
             ... on level 1 of the Dungeon.
             The game lasted 00:00:27 (213 turns).

Monsterracer the Vexing (Human Enchanter)            Turns: 213, Time: 00:00:28

Health: -1/19      AC:  2    Str:  8    XL:     2   Next: 25%
Magic:  0/5        EV: 12    Int: 15    God:
Gold:   22         SH:  0    Dex: 13    Spells: 4/5 levels left

rFire    . . .     SeeInvis .   a - +1 dagger
rCold    . . .     Gourm    .   (no shield)
rNeg     . . .     Faith    .   b - +0 robe
rPois    .         Spirit   .   (no helmet)
rElec    .         Reflect  .   (no cloak)
rCorr    .         Harm     .   (no gloves)
MR       .....                  (no boots)
Stlth    ++........             (no amulet)
HPRegen  0.06/turn              (no ring)
MPRegen  0.09/turn              (no ring)

@: very slightly contaminated
A: no striking features
a: no special abilities


You were on level 1 of the Dungeon.
You were not hungry.

You visited 1 branch of the dungeon, and saw 1 of its levels.

You collected 22 gold pieces.

Inventory:

Hand Weapons
 a - a +1 dagger (weapon)
Armour
 b - a +0 robe (worn)
Comestibles
 c - a ration


   Skills:
 - Level 1.0 Short Blades
 - Level 2.0 Dodging
 - Level 3.0 Stealth
 + Level 1.7 Unarmed Combat
 - Level 2.0 Spellcasting
 - Level 3.0 Hexes


You had 4 spell levels left.
You knew the following spells:

 Your Spells              Type           Power        Failure   Level  Hunger
a - Corona                Hex            ##.....      6%          1    #......


Dungeon Overview and Level Annotations

Branches:
Dungeon (1/15)

Altars:


Message History

The bat hits you. The bat closely misses you.
The bat hits you but does no damage. The bat hits you but does no damage.
The bat misses you. The bat hits you but does no damage.
The bat closely misses you. The bat hits you but does no damage.
The bat closely misses you.
You closely miss the bat.
The bat is moderately wounded.
The bat completely misses you.
You hit the bat.
The bat is severely wounded.
The bat hits you but does no damage. The bat hits you.
You take 1 damage, and have 15/19 hp.
You closely miss the bat.
The bat is severely wounded.
The bat misses you.
You hit the bat.
You kill the bat!
You hit the kobold.
The kobold is moderately wounded.
The leopard gecko hisses menacingly.
The kobold closely misses you.
You closely miss the kobold.
The kobold is moderately wounded.
You closely miss the kobold.
The kobold is moderately wounded.
The kobold hits you with a dagger.
You take 3 damage, and have 12/19 hp.
You barely miss the kobold.
The kobold is moderately wounded.
The kobold hits you with a dagger.
You take 2 damage, and have 10/19 hp.
You hit the kobold but do no damage.
The kobold is moderately wounded.
The kobold hits you with a dagger.
* * * LOW HITPOINT WARNING * * *
You take 1 damage, and have 9/19 hp.
You closely miss the kobold.
The kobold is moderately wounded.
The kobold misses you.
You closely miss the kobold.
The kobold is moderately wounded.
The kobold misses you.
You barely miss the kobold.
The kobold is moderately wounded.
The kobold hits you with a dagger.
* * * LOW HITPOINT WARNING * * *
You take 3 damage, and have 7/19 hp.
Casting: Corona
Confirm with . or Enter, or press ? or * to list all spells.
Aiming: Corona
Press: ? - help, Shift-Dir - straight line, f - kobold
Aim: a kobold, wielding a dagger (moderately wounded, chance to defeat MR: 63%)
You miscast Corona.
You are very lightly contaminated with residual magic.
Nothing appears to happen.
The kobold barely misses you.
You now have 4/5 mp.
Casting: Corona
Confirm with . or Enter, or press ? or * to list all spells.
Aiming: Corona
Press: ? - help, Shift-Dir - straight line, f/p - kobold
Aim: a kobold, wielding a dagger (moderately wounded, chance to defeat MR: 63%)
The kobold is outlined in light.
The kobold hits you with a dagger.
* * * LOW HITPOINT WARNING * * *
You take 1 damage, and have 6/19 hp.
You now have 3/5 mp.
Casting: Corona
Confirm with . or Enter, or press ? or * to list all spells.
Aiming: Corona
Press: ? - help, Shift-Dir - straight line, f/p - kobold
Aim: a kobold, wielding a dagger (softly glowing, chance to defeat MR: 63%)
The kobold glows brighter.
The kobold barely misses you.
You now have 2/5 mp.
You completely miss the kobold. The kobold misses you.
You hit the kobold.
The kobold is moderately wounded.
The kobold barely misses you.
You hit the kobold.
The kobold is severely wounded.
The kobold hits you with a dagger.
* * * LOW HITPOINT WARNING * * *
You take 4 damage, and have 2/19 hp.
MASSIVE DAMAGE!!
You hit the kobold.
You kill the kobold!
You completely miss the goblin. The goblin hits you but does no damage.
Casting: Corona
Confirm with . or Enter, or press ? or * to list all spells.
Aiming: Corona
Press: ? - help, Shift-Dir - straight line, f - goblin
Aim: a goblin, wielding a dagger of flaming (chance to defeat MR: 63%)
The goblin struggles to resist.
The goblin hits you but does no damage.
You now have 1/5 mp.
Casting: Corona
Confirm with . or Enter, or press ? or * to list all spells.
Aiming: Corona
Press: ? - help, Shift-Dir - straight line, f/p - goblin
Aim: a goblin, wielding a dagger of flaming (chance to defeat MR: 63%)
The goblin is outlined in light.
The goblin hits you with a dagger of flaming.
You die...

#.#.# ####.#.# #......#
#......# #......# ##......#
........# #@# #g# #..... .
##+#####l# #..... ..
#....#...#.# ####.....
...###....g.....# #........
...........##....... #........
...........###########........
...........#######......#.....
..........................####


You could see a leopard gecko and a goblin.

Vanquished Creatures
  A bat (D:1)
  A goblin (D:1)
  2 hobgoblins (D:1)
  A kobold (D:1)
  2 frilled lizards (D:1)
  2 rats (D:1)
9 creatures vanquished.

Notes
Turn   | Place    | Note
-------+----------+-------------------------------------------
     0 | D:1      | Monsterracer the Human Enchanter began the quest for the Orb.
     0 | D:1      | Reached XP level 1. HP: 13/13 MP: 3/3
    97 | D:1      | Reached skill level 1 in Unarmed Combat
   158 | D:1      | Reached XP level 2. HP: 19/19 MP: 5/5
   200 | D:1      | HP: 9/19 [kobold/dagger (1)]
   205 | D:1      | HP: 6/19 [kobold/dagger (1)]
   209 | D:1      | HP: 2/19 [kobold/dagger (4)]
   213 | D:1      | Slain by a goblin

Skill      XL: |  1 |
---------------+----+-----
Unarmed Combat | 1 |  1.7
Short Blades   | |  1.0
Dodging        | |  2.0
Stealth        | |  3.0
Spellcasting   | |  2.0
Hexes          | |  3.0

Action                   || total
-------------------------++-------
Melee: Dagger            ||    35
 Cast: Corona            ||     4
 Stab: Sleeping          ||     4
Armor: Robe              ||     8
Dodge: Dodged            ||    27

Vault maps used:
D:1:      lightli_arrival_windingriver
